 Dungeon Crawl Stone Soup version 0.30-a0-149-g7f746667c4 (webtiles) character file.

Game seed: 3141538255291103756

199 Sobieck the Cutter (level 5, -1/26 HPs)
             Began as a Vine Stalker Brigand on Sept 26, 2022.
             Slain by a gnoll
             ... wielding a +0 spear
              (4 damage)
             ... on level 3 of the Dungeon.
             The game lasted 00:04:02 (3385 turns).

Sobieck the Cutter (Vine Stalker Brigand)           Turns: 3385, Time: 00:04:03

Health: -1/26      AC:  4    Str: 13    XL:     5   Next: 77%
Magic:  0/6        EV: 11    Int: 17    God:
Gold:   66         SH:  0    Dex: 18    Spells: 4/4 levels left

rFire   . . .      SeeInvis .    a - +1 dagger (drain) {short}
rCold   . . .      Faith    .    (no shield)
rNeg    . . .      Spirit   +    n - +0 robe
rPois   .          Reflect  .    m - +0 helmet
rElec   .          Harm     .    c - +0 cloak
rCorr   .          Rampage  .    (no gloves)
Will    .....                    (no boots)
Stlth   +++.......               (no amulet)
HPRegen 0.88/turn                q - +6 ring of intelligence
MPRegen 0.10/turn                (no ring)

@: no status effects
A: fangs 2, regeneration 1, magic shield, antimagic bite, no potion heal 2
a: no special abilities


You were on level 3 of the Dungeon.
You visited 1 branch of the dungeon, and saw 3 of its levels.

You collected 66 gold pieces.


Innate Abilities, Weirdness & Mutations

You have extremely sharp teeth.
Your natural rate of healing is unusually fast.
When hurt, damage is shared between your health and your magic reserves.
Your bite disrupts and absorbs the magic of your enemies.
Potions cannot restore your health.


   Skills:
 - Level 1.7 Fighting
 + Level 5.3 Short Blades
 - Level 1.7 Throwing
 - Level 0.7 Dodging
 - Level 4.8 Stealth


You had 4 spell levels left.
You didn't know any spells.
Your spell library contained the following spells:

 Spells                   Type           Power      Damage    Failure   Level
 Kindle Blastsparks       Fire/Tloc/Air  0%         2d10      56%         3
 Tukima's Dance           Hex            0%         N/A       56%         3
 Fulminant Prism          Conj/Hex       0%         3d6       93%         4
 Iskenderun's Mystic Bla  Conj/Tloc      0%         2d3       93%         4
 Passage of Golubria      Tloc           0%         N/A       93%         4
 Lee's Rapid Deconstruct  Erth           0%         3d5*      100%        5
 Yara's Violent Unravell  Hex/Tmut       0%         3d3       100%        5

Inventory:

Hand Weapons
 a - a +1 dagger of draining (weapon) {short}
   (You found it on level 1 of the Dungeon)
 b - a +0 sling
   (You found it on level 1 of the Dungeon)
 g - a +2 dagger {short}
 h - a +0 short sword {short}
   (You took it off a kobold on level 1 of the Dungeon)
Missiles
 d - 11 poisoned darts (quivered) {throwing}
 e - 3 curare-tipped darts {=fthrowing}
 f - 51 stones {throwing}
Armour
 c - a +0 cloak (worn)
 m - a +0 helmet (worn)
   (You found it on level 1 of the Dungeon)
 n - a +0 robe (worn)
 u - a +1 ring mail of fire resistance
   (You found it on level 3 of the Dungeon)
 v - a +0 leather armour
   (You took it off an orc on level 3 of the Dungeon)
 w - a +0 robe
   (You found it on level 3 of the Dungeon)
 x - a +0 robe
   (You found it on level 3 of the Dungeon)
 y - a +0 leather armour
   (You took it off an orc priest on level 3 of the Dungeon)
 A - a +0 leather armour
   (You took it off an orc on level 3 of the Dungeon)
Jewellery
 q - a +6 ring of intelligence (left hand)
   (You found it on level 2 of the Dungeon)
Wands
 s - a wand of polymorph (3)
   (You found it on level 2 of the Dungeon)
Scrolls
 j - 3 scrolls of blinking {unknown}
 l - 2 scrolls of teleportation {unknown}
 p - 2 scrolls of identify {unknown}
 r - a scroll of enchant weapon {unknown}
 B - a scroll of butterflies {unknown}
Potions
 i - a potion of flight {unknown}
 k - 5 potions of curing {unknown}
 o - a potion of ambrosia {unknown}
 t - a potion of lignification {unknown}
 z - a potion of attraction {unknown}
 C - a potion of brilliance {unknown}

Dungeon Overview and Level Annotations

Branches:
Dungeon (3/15) Zot: 14622

Altars:

≈≈≈~~≈~~≈~~~~≈~~~~~~~≈≈~~~~.....~
≈≈≈≈≈≈≈≈≈≈≈≈≈≈≈≈≈≈≈≈~≈≈≈~~~....~~
##≈≈≈≈≈≈≈≈≈≈≈≈≈≈≈≈≈≈≈≈≈≈≈~~....~~
###########################))###
##.....#. #....# ##......' #.)..#
. #.......#########.)..##
..#.....gg...)...#......#
..'....g@........'......'
.#....).........#......#
#...)...#########....## ##......+
#....# ##.....# #....# #######
######


You could see 3 gnolls.


Message History

You shoot a sling bullet. The sling bullet hits the quokka.
You shoot a sling bullet.
The sling bullet barely misses the quokka.
You shoot a sling bullet. The sling bullet hits the quokka.
You kill the quokka!
You sense an unholy aura.
a - a +1 dagger of draining (weapon)
{short}
Found a stone staircase leading down.
b - a +0 sling (weapon)
B - a scroll labelled YHIUDEGOSY Unknown command.
d - 11 poisoned darts {throwing} (gained 2)
Found an escape hatch in the ceiling.
Unknown command.
A kobold comes into view. It is wielding a +0 short sword.
Danger!
You shoot a sling bullet.
The sling bullet hits the kobold but does no damage.
The kobold throws a stone.
The stone closely misses you.
You shoot a sling bullet. The sling bullet hits the kobold.
You kill the kobold!
No target in view!
No target in view!
f - 51 stones {throwing} (gained 3)
Things that are here:
a +0 short sword {short}; a kobold corpse
Found a stone staircase leading up.
Unknown command.
You see here a +0 sling.
Items here: )))) ÷.
You see here a kobold skeleton.
There is a large open door here.
You see here a +0 club {mace}.
There is an open door here.
C - a ruby potion Unknown command.
A kobold is nearby!
Danger!
You shoot a sling bullet.
The sling bullet hits the kobold but does no damage.
You shoot a sling bullet.
The sling bullet closely misses the kobold.
You shoot a sling bullet.
The sling bullet closely misses the kobold.
You shoot a sling bullet. The sling bullet hits the kobold.
You kill the kobold!
No target in view!
An orc is nearby!
Danger!
You shoot a sling bullet. The orc shouts!
The sling bullet hits the orc.
You shoot a sling bullet. The sling bullet barely misses the orc.
The orc throws a boomerang.
The boomerang hits you.
A gnoll comes into view. It is wielding a +0 spear.
You shoot a sling bullet. The sling bullet hits the orc.
You hear a shout!
A kobold comes into view. It is wielding a +0 club.
A gnoll comes into view. It is wielding a +0 spear.
You shoot a sling bullet.
The sling bullet closely misses the orc.
You hear a shout!
You shoot a sling bullet.
The sling bullet closely misses the orc.
A gnoll comes into view. It is wielding a +0 spear.
The orc hits you but does no damage.
You sense an unholy aura.
a - a +1 dagger of draining (weapon)
{short} You hit the orc.
You kill the orc!
You hit the kobold.
You kill the kobold!
The gnoll misses you. The gnoll barely misses you.
The gnoll hits you with a +0 spear.
Items here: $ ( )) ††.
You completely miss the gnoll. Your bite misses the gnoll. You hit the gnoll.
You bite the gnoll, but do no damage. The gnoll barely misses you.
The gnoll hits you with a +0 spear. The gnoll closely misses you.
You are too injured to fight recklessly!
You are too injured to fight recklessly!
You hit the gnoll but do no damage. You drain the gnoll.
The gnoll hits you from afar with a +0 spear.
The gnoll barely misses you.
Unknown command.
The gnoll closely misses you. The gnoll hits you with a +0 spear.
* * * LOW HITPOINT WARNING * * *
The gnoll hits you with a +0 spear.
* * * LOW HITPOINT WARNING * * *
Unknown command.
You hit the gnoll. The gnoll hits you with a +0 spear.
* * * LOW HITPOINT WARNING * * *
The gnoll barely misses you. The gnoll hits you with a +0 spear.
* * * LOW HITPOINT WARNING * * *
Unknown command.
You hit the gnoll.
Unknown command.
You hit the gnoll. You drain the gnoll. You bite the gnoll, but do no damage.
The gnoll hits you with a +0 spear.
* * * LOW HITPOINT WARNING * * *
The gnoll hits you with a +0 spear.
You die...

Skill      XL: |  1  2  3  4  5 |
---------------+----------------+-----
Short Blades   | 2 3 4 5 |  5.3
Fighting       | |  1.7
Throwing       | |  1.7
Dodging        | |  0.7
Stealth        | |  4.8

Action                   |  1- 3 |  4- 6 || total
-------------------------+-------+-------++-------
Melee: Dagger            |    82 |    73 ||   155
       Bite              |    16 |    21 ||    37
       Punch             |       |     2 ||     2
 Fire: Sling             |    46 |    65 ||   111
 Stab: Sleeping          |     3 |       ||     3
Armor: Robe              |    26 |    26 ||    52
Dodge: Dodged            |    49 |    50 ||    99

Levels and vault maps discovered:
D:1:      dpeg_arrival_arbitrary_a, layout_loops_corners,
          shapermc_ecumenical_altar_flowoftime, nrook_mini_vaults,
          minmay_cut_off
D:2:      layout_basic
D:3:      minmay_goblin_kobold_castle, layout_basic,
          nicolae_overflow_ecumenical_swirl, minmay_misc_feat_hallway

Notes
Turn   | Place    | Note
-------+----------+-------------------------------------------
     0 | D:1      | Sobieck the Vine Stalker Brigand began the quest for the
                  | Orb.
     0 | D:1      | Reached XP level 1. HP: 11/11 MP: 2/2
    17 | D:1      | Reached skill level 2 in Short Blades
   434 | D:1      | Reached XP level 2. HP: 12/15 MP: 3/3
  1059 | D:1      | HP: 2/15 [jackal (2)]
  1065 | D:1      | Reached skill level 3 in Short Blades
  1407 | D:1      | Found a faded altar of an unknown god.
  1494 | D:1      | Reached XP level 3. HP: 17/18 MP: 4/4
  2312 | D:2      | Gained mutation: Your natural rate of healing is unusually
                  | fast. [Vine Stalker growth]
  2312 | D:2      | Reached XP level 4. HP: 23/23 MP: 5/5
  2420 | D:2      | Reached skill level 4 in Short Blades
  2471 | D:2      | You pick up a book of Blasting and begin reading...
  2471 | D:2      | You add the spells Kindle Blastsparks, Fulminant Prism,
                  | Iskenderun's Mystic Blast and Lee's Rapid Deconstruction to
                  | your library.
  3166 | D:3      | Reached XP level 5. HP: 26/26 MP: 6/6
  3206 | D:3      | Reached skill level 5 in Short Blades
  3223 | D:3      | You add the spells Tukima's Dance, Passage of Golubria and
                  | Yara's Violent Unravelling to your library.
  3385 | D:3      | HP: 3/26 [gnoll/+0 spear (5)]
  3385 | D:3      | Slain by a gnoll

Vanquished Creatures
  3 orc priests (D:3)
  A gnoll (D:3)
  An adder (D:2)
  2 dart slugs
  3 orcs (D:3)
  4 ball pythons
  7 bats
  6 endoplasms
  A giant cockroach (D:1)
  2 goblins
  5 hobgoblins
  13 jackals
  18 kobolds
  5 quokkas
  5 frilled lizards
  3 rats
79 creatures vanquished.

Vanquished Creatures (others)
  9 plants (D:1)
  11 withered plants (D:1)
20 creatures vanquished.

Grand Total: 99 creatures vanquished

Table legend:
 A = Non-vault XP
 B = Vault XP
 C = Vault XP percentage of total XP
 D = Non-vault monster count
 E = Vault monster count
 F = Vault count percentage of total count
                 A         B        C        D         E       F
            +---------+---------+-------+---------+---------+-------
      Total |     250 |      35 |  12.3 |      64 |      15 |  19.0
            +---------+---------+-------+---------+---------+-------
        D:1 |      42 |       4 |   8.7 |      24 |       2 |   7.7
        D:2 |      59 |       0 |   0.0 |      26 |       0 |   0.0
        D:3 |     149 |      31 |  17.2 |      14 |      13 |  48.1
            +---------+---------+-------+---------+---------+-------

Illustrated notes

Table legend:
 A = Kills in this place as a percentage of kills in entire the game.
 B = Kills by you in this place as a percentage of kills by you in the entire game.
 C = Kills by friends in this place as a percentage of kills by friends in the entire game.
 D = Other kills in this place as a percentage of other kills in the entire game.
 E = Experience gained in this place as a percentage of experience gained in the entire game.
 F = Experience gained in this place divided by the number of levels of this place that you have seen.
                   A       B       C       D       E      F
               +-------+-------+-------+-------+-------+----------------------
         Total | 100.0 | 100.0 |   N/A |   N/A | 100.0 |  95.0
       Dungeon | 100.0 | 100.0 |   N/A |   N/A | 100.0 |  95.0
               +-------+-------+-------+-------+-------+----------------------

Table legend: (Time is in decaauts)
 A = Elapsed time spent in this place.
 B = Non-inter-level travel time spent in this place.
 C = Inter-level travel time spent in this place.
 D = Time resting spent in this place.
 E = Time spent auto-exploring this place.
 F = Levels seen in this place.
 G = Mean time per level.
                   A        B        C        D        E       F      G
               +--------+--------+--------+--------+--------+-----+--------+
         Total |   3377 |   3309 |     68 |    707 |   2081 |   3 | 1125.7 |
       Dungeon |   3377 |   3309 |     68 |    707 |   2081 |   3 | 1125.7 |
               +--------+--------+--------+--------+--------+-----+--------+

Top non-repeatable levels by time:
     D:1: 2071 daAuts
     D:3: 725 daAuts
     D:2: 579 daAuts
